Map: [ESL] Royal Blood

Players

Kelazhur - Winner!

  • Race: Terran Terran
  • Spawn Location: 1:00

MaSa

  • Race: Terran Terran
  • Spawn Location: 7:00

Event: ESL SC2 Masters 2023 Summer (Regionals)

VOD

Have the link to the VOD?

Description

Time

  • Played on: May 19, 2023, 3:29 p.m.
  • Length: 5:32

All games in this series

Show
View Real Time Build Order
Export as new Build Order

Kelazhur Terran - Winner!

Build Orders: Liberator Opening 

Get SALT Encoding   

  12  0:00  SCV  
  13  0:12  SCV  
  14  0:17  Supply Depot  
  14  0:24  SCV  
  15  0:38  SCV  
  15  0:39  Barracks  
  16  0:43  Refinery  
  16  0:50  SCV  
  17  0:58  Barracks  
  17  1:02  SCV  
  18  1:08  Refinery  
  18  1:15  SCV  
  19  1:26  Reaper  
  19  1:27  Supply Depot  
  20  1:40  Orbital Command  
  20  1:45  Reaper  
  21  1:58  Reaper  
  22  2:07  Factory  
  22  2:10  SCV  
  23  2:18  Reaper  
  24  2:29  SCV  
  24  2:31  Reaper  
  24  2:35  Supply Depot  
  25  2:42  SCV  
  26  2:51  Hellion  
  26  2:56  Reaper  
  26  2:58  SCV  
  29  3:04  Reaper  
  30  3:10  SCV  
  31  3:13  Starport  
  31  3:14  Hellion  
  33  3:22  SCV  
  34  3:40  Reaper  
  33  3:45  Reaper  
  33  3:46  SCV  
  34  3:50  Hellion  
  35  3:55  Liberator  
  35  4:02  Command Center, Supply Depot  
  38  4:05  SCV  
  39  4:11  Factory Tech Lab  
  39  4:15  Barracks Tech Lab  
  39  4:18  Barracks Reactor  
  40  4:24  SCV  
  40  4:25  Supply Depot  
  40  4:30  Cyclone  
  43  4:34  Marine  
  43  4:36  SCV  
  43  4:48  SCV  
  43  4:52  Marine  
  45  4:56  Marine x2  
  47  5:00  SCV  
  51  5:09  Refinery  
  51  5:11  Marine  
  51  5:12  SCV  
  53  5:14  Marine x2  
  53  5:17  Starport Reactor  
Show
View Real Time Build Order
Export as new Build Order

MaSa Terran 

Build Orders:  

Get SALT Encoding   

  12  0:00  SCV  
  13  0:14  Supply Depot  
  13  0:17  SCV  
  14  0:36  Barracks  
  14  0:39  Refinery  
  14  0:53  Barracks  
  14  0:56  SCV  
  15  1:08  SCV  
  16  1:23  Orbital Command  
  16  1:24  Reaper  
  17  1:29  Refinery  
  17  1:40  Reaper  
  17  1:44  Supply Depot  
  18  1:50  SCV  
  19  1:57  Reaper  
  20  2:02  SCV  
  21  2:13  Reaper  
  21  2:14  SCV  
  23  2:29  Reaper  
  24  2:30  SCV  
  24  2:35  Factory  
  24  2:42  SCV  
  24  2:46  Reaper  
  25  2:54  SCV  
  25  3:06  SCV, Reaper  
  26  3:18  SCV, Reaper  
  26  3:19  Engineering Bay  
  30  3:20  Hellion  
  30  3:21  Supply Depot  
  26  3:41  Hellion  
  28  3:49  SCV  
  30  4:02  SCV  
  29  4:03  Hellion  
  31  4:10  Command Center  
  31  4:15  SCV  
  32  4:18  Starport  
  32  4:26  Hellion  
  32  4:27  SCV  
  35  4:39  SCV  
  35  4:41  Supply Depot  
  36  4:48  Factory Tech Lab  
  36  4:51  SCV  
  37  4:54  Starport Tech Lab  
  37  4:56  Supply Depot  
  37  5:02  Barracks Reactor  
  37  5:03  SCV  
  38  5:11  Supply Depot  
  43  5:15  SCV  
Tags
 
Add a new tag
Caveats
  • Supply blocks, unpowered buildings, or Contaminate may cause inaccurate times.
  • Supply counts are checked every 10 seconds.